 Dungeon Crawl Stone Soup version 0.29-a0-451-gfbfa42419e (webtiles) character file.

Game seed: 3267721922536732632

91 CrazyBamboolord the Bolt Thrower (level 4, -3/26 HPs)
             Began as a Kobold Arcane Marksman on May 19, 2022.
             Was an Initiate of Hepliaklqana.
             Killed from afar by an orc wizard (4 damage)
             ... with a magic dart
             ... on level 3 of the Dungeon.
             The game lasted 00:07:57 (3135 turns).

CrazyBamboolord the Bolt Thrower (KoAM)             Turns: 3135, Time: 00:07:58

Health: -3/26      AC:  3    Str:  7    XL:     4   Next: 88%
Magic:  6/6        EV: 15    Int: 14    God:    Hepliaklqana [......]
Gold:   78         SH:  0    Dex: 17    Spells: 4/5 levels left

rFire   + . .      SeeInvis .   a - +0 hand crossbow
rCold   . . .      Faith    .   (no shield)
rNeg    . . .      Spirit   .   b - +1 robe
rPois   .          Reflect  .   (no helmet)
rElec   .          Harm     .   (no cloak)
rCorr   .          Rampage  .   (no gloves)
Will    .....                   (no boots)
Stlth   ++........              (no amulet)
HPRegen 0.08/turn               e - +4 ring of slaying
MPRegen 0.10/turn               j - ring of protection from fire

@: confused
A: small, no large weapons, nightstalker 3
a: Renounce Religion


You were on level 3 of the Dungeon.
You worshipped Hepliaklqana.
Hepliaklqana was noncommittal.
You visited 2 branches of the dungeon, and saw 5 of its levels.

You collected 78 gold pieces.

Inventory:

Hand Weapons
 a - a +0 hand crossbow (weapon)
Armour
 b - a +1 robe (worn)
Jewellery
 e - a +4 ring of slaying (left hand)
 j - a ring of protection from fire (right hand)
 w - a ring of protection from cold
Scrolls
 c - a scroll of vulnerability
 d - a scroll of blinking {unknown}
 f - a scroll of magic mapping {unknown}
 h - a scroll of fear {unknown}
 k - a scroll of poison {unknown}
 n - 3 scrolls of enchant armour
 o - a scroll of amnesia {unknown}
 p - 2 scrolls of enchant weapon {unknown}
 r - a scroll of immolation {unknown}
 s - 2 scrolls of identify {unknown}
 v - a scroll of teleportation {unknown}
Potions
 g - a potion of curing {unknown}
 i - a potion of brilliance
 l - a potion of resistance {unknown}
 m - a potion of mutation {unknown}
 q - 2 potions of flight
 t - a potion of invisibility
 u - a potion of haste {unknown}


   Skills:
 * Level 2.3 Fighting
 * Level 4.6 Crossbows
 * Level 2.9 Dodging
 + Level 0.2 Stealth
 * Level 1.4 Spellcasting
 * Level 3.1 Hexes
 * Level 0.9 Translocations


You had 4 spell levels left.
You knew the following spells:

 Your Spells              Type           Power      Damage    Failure   Level
a - Slow                  Hex            36%        N/A       7%          1

Your spell library contained the following spells:

 Spells                   Type           Power      Damage    Failure   Level
 Summon Small Mammal      Summ           0%         N/A       26%         1
 Portal Projectile        Hex/Tloc       12%        N/A       32%         3
 Dazzling Flash           Conj/Hex       10%        N/A       36%         3
 Inner Flame              Hex/Fire       5%         N/A       36%         3
 Summon Guardian Golem    Hex/Summ       5%         N/A       36%         3
 Cause Fear               Hex            4%         N/A       56%         4
 Call Canine Familiar     Summ           0%         N/A       58%         3
 Silence                  Hex/Air        2%         N/A       98%         5
 Agony                    Necr           0%         N/A       100%        5
 Orb of Destruction       Conj           0%         9d5       100%        7
 Spellforged Servitor     Conj/Summ      0%         N/A       100%        7


Dungeon Overview and Level Annotations

Branches:
Dungeon (4/15)             Temple (1/1) D:4

Altars:
Ashenzari
Cheibriados
Dithmenos
Elyvilon
Fedhas
Gozag
Hepliaklqana
Kikubaaqudgha
Makhleb
Nemelex Xobeh
Okawaru
Qazlal
Ru
Sif Muna
Trog
Uskayaw
Vehumet
Wu Jian
Xom
Yredelemnul
Zin
The Shining One

Shops:
D:2 ([


Innate Abilities, Weirdness & Mutations

You are small and have problems with some larger weapons.
You are completely attuned to the shadows.


Message History

You shoot a bolt.
You hear some strange, mumbled words.
A puff of flame appears from out of thin air!
The puff of flame misses you.
Shoot: a) +0 hand crossbow
Press: ? - help, Q - select action, (/) - cycle Shift-Dir - straight line You shoot a bolt.
Something barely misses you.
Shoot: a) +0 hand crossbow
Press: ? - help, Q - select action, (/) - cycle Shift-Dir - straight line You shoot a bolt.
Something hits you.
* * * LOW HITPOINT WARNING * * *
Unknown command.
Shoot: a) +0 hand crossbow
Press: ? - help, Q - select action, (/) - cycle Shift-Dir - straight line You shoot a bolt.
Something hits you but does no damage.
You hear some strange, mumbled words.
You are confused.
Non-targeted confused shoot: a) +0 hand crossbow
Press: ? - help, Q - select action, (/) - cycle Dir - look around, f - activate
Okay, then.
Something completely misses you.
You miss something. Something barely misses you.
Unknown command.
Non-targeted confused shoot: a) +0 hand crossbow
Press: ? - help, Q - select action, (/) - cycle Dir - look around, f - activate You shoot a bolt.
Something hits you.
* * * LOW HITPOINT WARNING * * *
Non-targeted confused shoot: a) +0 hand crossbow
Press: ? - help, Q - select action, (/) - cycle Dir - look around, f - activate You shoot a bolt.
You hear some strange, mumbled words.
Something tries to affect you, but you resist.
You hear some strange, mumbled words.
A magic dart appears from out of thin air!
The magic dart hits you.
You die...

.####.#...#.#
.####.#####.#
..##......#.#######
#.##.............[#
...#..........)...#
.#.#.........(....#
.#.##.####........#
##.##.## #......{.#
##.#...# #......@.#
.......# ##.#######
###....# #.#
.......# #.#
###....# #.# #
#....# #.# # #....#
#.# # #...## #.# #
##..#####.#


There were no monsters in sight!

Vanquished Creatures
  An adder (D:2)
  2 dart slugs (D:1)
  3 orcs (D:3)
  4 endoplasms (D:1)
  3 giant cockroaches
  8 goblins
  7 hobgoblins
  6 jackals
  6 quokkas
  7 ball pythons
  2 bats
  6 frilled lizards
  5 kobolds
  6 rats
66 creatures vanquished.

Notes
Turn   | Place    | Note
-------+----------+-------------------------------------------
     0 | D:1      | CrazyBamboolord the Kobold Arcane Marksman began the quest
                  | for the Orb.
     0 | D:1      | Reached XP level 1. HP: 12/12 MP: 2/2
   211 | D:1      | Reached skill level 3 in Crossbows
   211 | D:1      | Reached XP level 2. HP: 16/16 MP: 1/3
   273 | D:1      | Found a faded altar of an unknown god.
   595 | D:1      | Reached XP level 3. HP: 20/20 MP: 4/4
  1067 | D:2      | Found Vanir's Weapon Shop.
  1224 | D:2      | Reached skill level 4 in Crossbows
  1399 | D:2      | Reached XP level 4. HP: 21/26 MP: 6/6
  1609 | D:2      | Found Toifagro's Armour Emporium.
  1974 | D:3      | Found a blossoming altar of Fedhas.
  2500 | D:4      | Found a staircase to the Ecumenical Temple.
  2535 | Temple   | Entered the Ecumenical Temple
  2888 | Temple   | Became a worshipper of Hepliaklqana the Forgotten
  2993 | D:3      | HP: 1/26 [orc wizard/+0 dagger (2)]
  3134 | D:3      | HP: 1/26 [something (2)]
  3135 | D:3      | Killed from afar by an orc wizard

Illustrated notes

Levels and vault maps discovered:
D:1:      grunt_arrival_crossed_arrows, layout_basic,
          hellmonk_ecumenical_altar_lost_god
D:2:      layout_basic, serial_shops, shop, shop, minmay_misc_feat_cross,
          chequers_mini_garden
D:3:      layout_basic, mainiacjoe_overflow_boulevard
D:4:      layout_cave_pools, minmay_temple_entry_ruins
Temple:   nicolae_temple_the_god_donut

Skill      XL: |  1  2  3  4 |
---------------+-------------+-----
Crossbows      | 3 4 |  4.6
Fighting       | 2 |  2.3
Dodging        | |  2.9
Stealth        | |  0.2
Spellcasting   | |  1.4
Hexes          | |  3.1
Translocations | |  0.9

Action                   |  1- 3 |  4- 6 || total
-------------------------+-------+-------++-------
Melee: Hand crossbow     |       |     2 ||     2
 Fire: Hand crossbow     |    93 |    66 ||   159
 Cast: Slow              |     2 |     6 ||     8
  Use: Potion            |       |     3 ||     3
       Scroll            |       |     1 ||     1
Armor: Robe              |    11 |     6 ||    17
Dodge: Dodged            |    41 |    52 ||    93

Table legend: (Time is in decaauts)
 A = Elapsed time spent in this place.
 B = Non-inter-level travel time spent in this place.
 C = Inter-level travel time spent in this place.
 D = Time resting spent in this place.
 E = Time spent auto-exploring this place.
 F = Levels seen in this place.
 G = Mean time per level.
                   A        B        C        D        E       F      G
               +--------+--------+--------+--------+--------+-----+--------+
         Total |   3185 |   3085 |    100 |    107 |   2479 |   5 |  637.0 |
       Dungeon |   2818 |   2730 |     88 |    107 |   2214 |   4 |  704.5 |
        Temple |    366 |    354 |     12 |      0 |    265 |   1 |  366.0 |
               +--------+--------+--------+--------+--------+-----+--------+

Top non-repeatable levels by time:
     D:2: 939 daAuts
     D:1: 874 daAuts
     D:3: 838 daAuts
  Temple: 366 daAuts
     D:4: 165 daAuts
